 Dungeon Crawl Stone Soup version 0.30.1-3-gfc49f6343a (webtiles) character file.

Game seed: 2869266138696728500

44 Babbit the Grave Robber (level 3, -7/26 HPs)
             Began as a Ghoul Necromancer on Aug 3, 2023.
             Was a Follower of Dithmenos.
             Mangled by Grinder (9 damage)
             ... while paralysed by Grinder
             ... on level 3 of the Dungeon.
             The game lasted 00:13:44 (1643 turns).

Babbit the Grave Robber (Ghoul Necromancer)         Turns: 1643, Time: 00:13:45

Health: -7/26      AC:  2    Str: 11    XL:     3   Next: 62%
Magic:  5/5        EV:  2    Int: 12    God:    Dithmenos [*.....]
Gold:   71         SH:  0    Dex:  9    Spells: 5/6 levels left

rFire   . . .        (no weapon)
rCold   + + .        (no shield)
rNeg    + + +        a - +0 robe
rPois   ∞            (no helmet)
rElec   .            (no cloak)
rCorr   .            (no gloves)
SInv    .            (no boots)
Will    .....        (no amulet)
Stlth   ++           l - ring of protection from cold
HPRegen 0.00/turn    (no ring)
MPRegen 0.09/turn

%: no passive effects
@: paralysed, inhibited regen, wreathed by umbra
A: claws 1, cold resistance 1, negative energy resistance 3, inhibited
regeneration, torment resistance 2, devour on kill
a: Renounce Religion


You were on level 3 of the Dungeon.
You worshipped Dithmenos.
Dithmenos was aware of your devotion.
You visited 1 branch of the dungeon, and saw 3 of its levels.

You collected 71 gold pieces.

Inventory:

Armour
 a - a +0 robe (worn)
Jewellery
 l - a ring of protection from cold (left claw)
Scrolls
 f - a scroll of teleportation
 h - a scroll of torment {unknown}
 i - a scroll of blinking {unknown}
 k - 2 scrolls of identify
Potions
 b - a potion of magic
 c - a potion of flight
 d - a potion of haste {unknown}
 e - 2 potions of heal wounds
 g - a potion of might {unknown}
 j - a potion of curing {unknown}


   Skills:
 + Level 2.0 Dodging
 + Level 2.2 Stealth
 + Level 0.3 Unarmed Combat
 + Level 2.3 Spellcasting
 + Level 4.6 Necromancy


You had 5 spell levels left.
You knew the following spells:

 Your Spells              Type           Power      Damage    Failure   Level
a - Necrotise             Necr           48%        1d6       4%          1

Your spell library contained the following spells:

 Spells                   Type           Power      Damage    Failure   Level
 Vampiric Draining        Necr           12%        2d6       12%         3
 Animate Dead             Necr           12%        N/A       36%         4
 Agony                    Necr           12%        N/A       73%         5


Dungeon Overview and Level Annotations

Branches:
Dungeon (3/15)

Altars:
Dithmenos

Annotations:
D:3 Grinder


Innate Abilities, Weirdness & Mutations

You are immune to poison.
You have sharp fingernails.
Your flesh is cold resistant. (rC+)
You are immune to negative energy. (rN+++)
You do not regenerate when monsters are visible.
You are immune to unholy pain and torment.
You thrive by killing the living.


Message History

You can't see any susceptible monsters within range! (Use Z to cast anyway.)
You barely miss Grinder.
Your frilled lizard skeleton bites Grinder but does no damage.
Grinder blinks!
Casting: Necrotise (safe; 4% risk of failure)
Confirm with . or Enter, or press ? or * to list all spells.
You can't see any susceptible monsters within range! (Use Z to cast anyway.)
Found a scroll labelled REGAEK BICI.
Found a stone staircase leading down.
Grinder closely misses you.
Casting: Necrotise (safe; 4% risk of failure)
Confirm with . or Enter, or press ? or * to list all spells.
You can't see any susceptible monsters within range! (Use Z to cast anyway.) Unknown command.
You swap places.
Your frilled lizard skeleton bites Grinder but does no damage.
Grinder barely misses your frilled lizard skeleton.
You closely miss Grinder. You claw Grinder.
Grinder is lightly wounded.
Your frilled lizard skeleton barely misses Grinder.
Grinder barely misses you.
You scratch Grinder.
Grinder is lightly wounded.
Your frilled lizard skeleton closely misses Grinder.
Grinder hits you.
You scratch Grinder.
Grinder is moderately wounded.
Your frilled lizard skeleton bites Grinder but does no damage.
You closely miss Grinder.
Grinder is moderately wounded.
Grinder gestures at you.
You suddenly lose the ability to move!
Grinder hits you!
Your frilled lizard skeleton misses Grinder.
Grinder completely misses you.
Your frilled lizard skeleton closely misses Grinder.
Grinder hits you.
* * * LOW HITPOINT WARNING * * *
Your frilled lizard skeleton bites Grinder.
Grinder hits you!
You die...

#?.#..# #..........
##..#..#############
.>.#....Z..........
...#.##############
#.##.# #.##.#
#####.##'######
#....Z........#
#.###5@.......#
#.........#
#.........#
#.........#
#.........#
#.........#
#.........#
#.........


You could see Grinder (ally target) and a friendly frilled lizard skeleton.

Vanquished Creatures
  2 adders (D:2)
  A dart slug (D:2)
  2 endoplasms
  3 giant cockroaches
  4 goblins
  2 hobgoblins
  2 kobolds (D:2)
  2 ball pythons (D:1)
  A bat (D:2)
  3 frilled lizards
  A rat (D:2)
23 creatures vanquished.

Notes
Turn   | Place    | Note
-------+----------+-------------------------------------------
     0 | D:1      | Babbit the Ghoul Necromancer began the quest for the Orb.
     0 | D:1      | Reached XP level 1. HP: 14/14 MP: 2/2
   456 | D:1      | Reached XP level 2. HP: 20/20 MP: 0/3
  1006 | D:2      | Reached XP level 3. HP: 12/26 MP: 0/5
  1527 | D:2      | Found a faded altar of an unknown god.
  1531 | D:2      | Prayed at the altar of an unknown god.
  1531 | D:2      | Became a worshipper of Dithmenos the Shadowed
  1531 | D:2      | Reached * piety under Dithmenos
  1615 | D:3      | Noticed Grinder
  1639 | D:3      | Paralysed by Grinder for 5 turns
  1643 | D:3      | Mangled by Grinder

Illustrated notes

Levels and vault maps discovered:
D:1:      dpeg_arrival_long_road, layout_basic, minmay_misc_feat_alley,
          serial_bayou_pond_d, hangedman_feature_mirror, minmay_hedge_maze
D:2:      layout_basic, shapermc_ecumenical_altar_mp_vishouse
D:3:      layout_basic, cheibrodos_sewer_entry_sluice, uniq_robin, uniq_grinder

Skill      XL: |  1  2 |
---------------+-------+-----
Dodging        | 2 |  2.0
Spellcasting   | 2 |  2.3
Stealth        | |  2.2
Unarmed Combat | |  0.3
Necromancy     | |  4.6

Action                     || total
---------------------------++-------
  Melee: Unarmed           ||    44
         Punch             ||     1
   Cast: Necrotise         ||    43
    Use: Scroll            ||     4
   Stab: Sleeping          ||     1
 Armour: Robe              ||     7
  Dodge: Dodged            ||    34
